Map: Newkirk Precinct TE (Void)

Players

Rugi - Winner!

  • Race: Zerg Zerg
  • League: Diamond
  • Spawn Location: 7:00

Loken

  • Race: Protoss Protoss
  • Spawn Location: 5:00

VOD

Have the link to the VOD?

Description

Time

  • Played on: March 11, 2017, 3:06 p.m.
  • Length: 9:14
Show
View Real Time Build Order
Export as new Build Order

Rugi Zerg - Winner!

Build Orders: Hatch First 

Get SALT Encoding   

  12  0:00  Drone  
  13  0:12  Overlord  
  13  0:17  Drone  
  14  0:31  Drone x2  
  14  0:34  Drone  
  17  0:54  Hatchery  
  16  0:57  Drone  
  17  1:05  Drone  
  18  1:14  Extractor  
  16  1:23  Overlord  
  16  1:26  Drone  
  16  1:28  Drone  
  18  1:40  Spawning Pool  
  18  1:44  Drone  
  18  1:49  Drone  
  19  2:05  Drone  
  20  2:12  Overlord  
  20  2:13  Drone  
  21  2:16  Drone  
  22  2:23  Drone  
  22  2:28  Metabolic Boost  
  23  2:31  Queen  
  25  2:39  Queen  
  27  2:44  Drone  
  27  2:46  Drone  
  27  2:49  Drone  
  30  2:56  Zergling x6  
  33  3:09  Queen  
  35  3:14  Zergling x6  
  38  3:20  Extractor  
  38  3:22  Drone x2  
  40  3:29  Drone  
  40  3:32  Drone  
  42  3:42  Drone x2  
  44  3:56  Roach Warren  
  44  3:57  Hatchery, Queen  
  44  4:02  Overlord  
  44  4:23  Drone x6  
  44  4:24  Drone x2  
  52  4:37  Overlord x2  
  52  4:40  Extractor  
  49  5:01  Drone x4  
  51  5:08  Spore Crawler  
  51  5:09  Lair  
  51  5:10  Roach  
  51  5:11  Roach x5  
  62  5:16  Extractor  
  61  5:21  Drone x2  
  61  5:22  Drone x3  
  61  5:23  Queen  
  61  5:28  Drone, Evolution Chamber  
  69  5:35  Drone  
  69  5:36  Drone  
  69  5:41  Drone x2  
  72  5:51  Drone  
  72  5:53  Overlord x2  
  72  5:54  Overlord x3  
  73  5:58  Drone, Extractor  
  73  5:59  Drone  
  73  6:00  Overlord  
  74  6:10  Overseer, Zerg Missile Weapons Level 1  
  74  6:12  Roach x5  
  74  6:16  Ravager x3  
  87  6:24  Roach  
  87  6:25  Roach x3  
  95  6:26  Overlord  
  95  6:38  Overlord  
  95  6:39  Overlord  
  95  6:40  Roach x5  
  95  6:43  Overseer  
  95  6:45  Roach  
  95  6:46  Drone x2  
  107  6:51  Queen  
  107  6:53  Queen  
  111  6:56  Drone  
  111  6:57  Drone  
  111  6:58  Drone  
  114  7:01  Ravager  
  114  7:02  Ravager  
  114  7:05  Glial Reconstitution  
  115  7:16  Roach  
  115  7:17  Roach x3  
  115  7:22  Roach x2  
  127  7:23  Overlord  
  127  7:24  Zergling x2, Overlord  
  127  7:25  Zergling x4  
  130  7:37  Overlord  
  130  7:38  Overlord x2  
  105  8:07  Roach  
  105  8:08  Roach x13  
  121  8:15  Roach x4  
  121  8:16  Roach x2  
  131  8:23  Roach x3  
  131  8:26  Overlord x3  
  129  8:36  Roach x3  
  135  8:48  Roach  
  135  8:49  Roach x4  
  145  8:56  Extractor  
  145  8:57  Extractor  
  149  9:05  Hatchery  
Show
View Real Time Build Order
Export as new Build Order

Loken Protoss 

Build Orders:  

Get SALT Encoding   

  12  0:02  Probe (Chrono Boost)  
  13  0:12  Probe (Chrono Boost)  
  14  0:20  Pylon  
  14  0:23  Probe (Chrono Boost)  
  15  0:39  Gateway, Probe (Chrono Boost)  
  16  0:49  Probe (Chrono Boost)  
  17  0:51  Assimilator  
  17  1:00  Probe (Chrono Boost)  
  18  1:10  Probe (Chrono Boost)  
  19  1:21  Probe (Chrono Boost)  
  20  1:32  Probe (Chrono Boost)  
  21  1:37  Cybernetics Core  
  21  1:39  Gateway  
  21  1:40  Gateway  
  21  1:43  Probe (Chrono Boost)  
  23  1:54  Probe (Chrono Boost)  
  23  2:03  Pylon  
  23  2:07  Warp Gate  
  23  2:21  Zealot  
  23  2:22  Probe (Chrono Boost)  
  26  2:34  Nexus  
  26  2:46  Pylon  
  26  2:47  Assimilator  
  26  3:09  Stalker x3  
  32  3:24  Pylon  
  32  3:35  Pylon  
  31  3:48  Probe (Chrono Boost)  
  31  3:53  Probe (Chrono Boost)  
  33  3:59  Probe (Chrono Boost)  
  34  4:03  Stargate  
  34  4:04  Probe (Chrono Boost)  
  36  4:10  Probe (Chrono Boost)  
  36  4:14  Probe (Chrono Boost)  
  36  4:16  Pylon  
  37  4:20  Zealot x3, Probe (Chrono Boost)  
  44  4:25  Probe (Chrono Boost)  
  44  4:31  Probe (Chrono Boost)  
  46  4:35  Probe (Chrono Boost)  
  47  4:41  Probe (Chrono Boost)  
  47  4:42  Gateway  
  47  4:45  Gateway  
  48  4:52  Probe (Chrono Boost)  
  49  4:57  Sentry x3  
  54  5:03  Mothership Core (Chrono Boost)  
  55  5:11  Probe (Chrono Boost)  
  56  5:16  Oracle  
  56  5:21  Probe x2 (Chrono Boost)  
  61  5:31  Probe (Chrono Boost)  
  61  5:32  Probe (Chrono Boost)  
  63  5:41  Pylon  
  63  5:42  Probe x2 (Chrono Boost)  
  65  5:46  Assimilator  
  65  5:47  Zealot x2  
  69  5:52  Probe (Chrono Boost)  
  69  5:54  Pylon x2  
  70  6:00  Probe (Chrono Boost)  
  70  6:04  Void Ray  
  75  6:15  Zealot x3  
  75  6:16  Zealot x2  
  85  6:32  Pylon  
  85  6:39  Stalker  
  87  6:40  Stalker x3  
  87  6:44  Void Ray  
  97  6:57  Pylon  
  97  7:04  Forge  
  97  7:06  Forge  
  97  7:09  Pylon  
  97  7:10  Pylon  
  97  7:24  Stalker  
  97  7:25  Stalker x4  
  78  8:08  Stalker x4  
  78  8:09  Stalker  
  50  8:38  Stalker x3  
  50  8:39  Stalker x2  
  56  8:54  Twilight Council  
  56  9:04  Assimilator  
Tags
 
Add a new tag
Caveats
  • Supply blocks, unpowered buildings, or Contaminate may cause inaccurate times.
  • Supply counts are checked every 10 seconds.